 Dungeon Crawl Stone Soup version 0.29-a0-824-gd827844252 (webtiles) character file.

Game seed: 6711192272310761387

79 gobodom the Shield-Bearer (level 4, -2/44 HPs)
             Began as a Troll Fighter on July 10, 2022.
             Was a Follower of Trog.
             Killed from afar by an orc wizard (6 damage)
             ... with a magic dart
             ... on level 3 of the Dungeon.
             The game lasted 00:03:45 (936 turns).

gobodom the Shield-Bearer (Troll Fighter)            Turns: 936, Time: 00:03:45

Health: -2/44      AC:  5    Str: 26    XL:     4   Next: 17%
Magic:  3/3        EV:  9    Int:  4    God:    Trog [*.....]
Gold:   68         SH:  7    Dex:  9    Spells: 3/3 levels left

rFire   . . .      SeeInvis .   a - +0 war axe
rCold   . . .      Faith    .   c - +0 kite shield
rNeg    . . .      Spirit   .   b - +0 robe
rPois   .          Reflect  .   (helmet restricted)
rElec   .          Harm     .   k - +0 cloak
rCorr   .          Rampage  .   (gloves unavailable)
Will    .....                   (boots unavailable)
Stlth   +.........              (no amulet)
HPRegen 0.94/turn               (no ring)
MPRegen 0.08/turn               (no ring)

@: mighty, on berserk cooldown
A: large, unfitting armour, claws 3, regeneration 1, shaggy fur 1, tough skin 1
a: Renounce Religion, Berserk


You were on level 3 of the Dungeon.
You worshipped Trog.
Trog was aware of your devotion.
You visited 1 branch of the dungeon, and saw 3 of its levels.

You collected 68 gold pieces.

Inventory:

Hand Weapons
 a - a +0 war axe (weapon)
Armour
 b - a +0 robe (worn)
 c - a +0 kite shield (worn)
 k - a +0 cloak (worn)
Jewellery
 h - a ring of ice
Scrolls
 e - a scroll of immolation {unknown}
 g - 4 scrolls of identify {unknown}
 i - a scroll of magic mapping {unknown}
 l - a scroll of fog {unknown}
Potions
 j - a potion of berserk rage {unknown}


   Skills:
 + Level 2.7 Fighting
 + Level 2.3 Axes
 + Level 3.1 Dodging
 + Level 0.1 Stealth
 + Level 3.1 Shields


You had 3 spell levels left.
You didn't know any spells.
Your spell library was empty.

Dungeon Overview and Level Annotations

Branches:
Dungeon (2/15)

Altars:
Trog

Shops:
D:1 :


Innate Abilities, Weirdness & Mutations

You are too large for most types of armour.
You have claws for hands.
Your natural rate of healing is unusually fast.
You are covered in fur. (AC +1)
You have tough skin. (AC +1)


Message History

You are more poisoned.
The adder poisons you!
You barely miss the adder. You barely miss something.
You feel very sick. The adder bites you.
* * * LOW HITPOINT WARNING * * *
You block something's attack. You block the adder's attack. Something hits you.
* * * LOW HITPOINT WARNING * * *
The adder bites you but does no damage. Something hits you but does no damage.
You completely miss the adder. You barely miss something.
You feel sick. The adder bites you but does no damage.
The adder closely misses you. Something hits you but does no damage.
You block the adder's attack. Something hits you but does no damage.
Unknown command.
You slash the adder!
You kill the adder!
Trog accepts your kill.
You slash something!
You feel yourself speed up.
You feel very sick.
You hear some strange, mumbled words.
Something tries to affect you, but you resist.
You hear some strange, mumbled words.
You are confused.
You completely miss something.
You feel sick.
You are no longer poisoned.
Something hits you but does no damage. Something hits you.
* * * LOW HITPOINT WARNING * * *
Unknown command.
Something hits you but does no damage.
It was a potion of curing.
You feel better.
You hear some strange, mumbled words.
A puff of flame appears from out of thin air!
The puff of flame hits you!
* * * LOW HITPOINT WARNING * * *
You miss something.
You hear some strange, mumbled words.
A magic dart appears from out of thin air!
The magic dart hits you.
You die...

###.')...###
....#....'.#
#####....#.#
##+###.########
#........#####
####..........
#......##
#.))...#
#...@..#
#...{.†#
........))......
##.#......######
#.######.# # .#
<. ... ...


There were no monsters in sight!

Vanquished Creatures
  An orc priest (D:3)
  An adder (D:3)
  A dart slug (D:1)
  3 orcs (D:3)
  2 ball pythons (D:1)
  2 bats (D:1)
  2 endoplasms (D:1)
  3 giant cockroaches
  5 goblins
  2 hobgoblins (D:1)
  4 jackals (D:1)
  2 kobolds
  2 quokkas (D:1)
  3 frilled lizards (D:1)
33 creatures vanquished.

Vanquished Creatures (others)
  A fungus (D:1)
  2 plants (D:1)
3 creatures vanquished.

Grand Total: 36 creatures vanquished

Notes
Turn   | Place    | Note
-------+----------+-------------------------------------------
     0 | D:1      | gobodom the Troll Fighter began the quest for the Orb.
     0 | D:1      | Reached XP level 1. HP: 22/22 MP: 0/0
   170 | D:1      | Reached XP level 2. HP: 29/29 MP: 1/1
   522 | D:1      | Reached XP level 3. HP: 36/36 MP: 2/2
   529 | D:1      | Found Solua's Book Emporium.
   636 | D:1      | Found a faded altar of an unknown god.
   803 | D:1      | Prayed at the altar of an unknown god.
   803 | D:1      | Became a worshipper of Trog the Wrathful
   803 | D:1      | Reached * piety under Trog
   877 | D:2      | You fall into a shaft and drop 1 floor!
   923 | D:3      | Reached XP level 4. HP: 20/44 MP: 3/3
   935 | D:3      | HP: 2/44 [something/puff of flame (9)]
   936 | D:3      | Killed from afar by an orc wizard

Illustrated notes

Levels and vault maps discovered:
D:1:      zaba_arrival_water, layout_rooms, serial_glass, glass_columns_a,
          glass_columns_c, due_unseen_surprise, minmay_strange_pillars,
          minmay_strange_pillars, shapermc_ecumenical_altar_hornbeckon,
          serial_shops, shop_fountains
D:2:      layout_loops_ring, uniq_jessica
D:3:      layout_basic, mainiacjoe_overflow_small_starburst,
          mainiacjoe_overflow_concentric_impassable,
          nicolae_overflow_crystal_walls, serial_undead, serial_undead_d,
          serial_undead_d, serial_undead_f, serial_undead_b,
          serial_bayou_lagoon_a, columned_hall_lemuel,
          kennysheep_generic_room_14

Skill      XL: |  1  2  3  4 |
---------------+-------------+-----
Axes           | 2 |  2.3
Shields        | 3 |  3.1
Dodging        | 3 |  3.1
Fighting       | |  2.7
Stealth        | |  0.1

Action                   |  1- 3 |  4- 6 || total
-------------------------+-------+-------++-------
Melee: War axe           |    89 |    11 ||   100
Invok: Berserk           |     2 |       ||     2
  Use: Potion            |       |     2 ||     2
Armor: Robe              |    43 |    15 ||    58
Dodge: Dodged            |    35 |     6 ||    41
Block: Kite shield       |    50 |     8 ||    58

Table legend: (Time is in decaauts)
 A = Elapsed time spent in this place.
 B = Non-inter-level travel time spent in this place.
 C = Inter-level travel time spent in this place.
 D = Time resting spent in this place.
 E = Time spent auto-exploring this place.
 F = Levels seen in this place.
 G = Mean time per level.
                   A        B        C        D        E       F      G
               +--------+--------+--------+--------+--------+-----+--------+
         Total |   1031 |    883 |    148 |      6 |    531 |   3 |  343.7 |
       Dungeon |   1031 |    883 |    148 |      6 |    531 |   3 |  343.7 |
               +--------+--------+--------+--------+--------+-----+--------+

Top non-repeatable levels by time:
     D:1: 918 daAuts
     D:3: 84 daAuts
     D:2: 28 daAuts
